Map: Terraform LE (Void)

Players

DrkYeti

  • Race: Zerg Zerg
  • League: Grandmaster

ImotoFantasy - Winner!

  • Race: Protoss Protoss
  • League: Grandmaster

VOD

Have the link to the VOD?

Description

Time

  • Played on: Oct. 25, 2015, 1:14 a.m.
  • Length: 11:07
Show
View Real Time Build Order
Export as new Build Order

DrkYeti Zerg 

Build Orders: Hatch First 

Get SALT Encoding   

  12  0:01  Drone  
  13  0:13  Overlord  
  13  0:17  Drone  
  14  0:27  Extractor  
  13  0:29  Drone  
  13  0:30  Drone, Extractor  
  16  0:52  Hatchery  
  15  1:06  Extractor  
  15  1:08  Drone  
  15  1:13  Spawning Pool  
  15  1:15  Drone  
  15  1:18  Drone  
  15  1:22  Drone  
  17  1:34  Overlord  
  17  1:51  Drone  
  17  1:52  Drone  
  19  2:01  Queen  
  19  2:05  Queen  
  23  2:08  Metabolic Boost  
  23  2:16  Drone  
  23  2:17  Drone  
  25  2:35  Roach Warren  
  24  2:45  Drone x5  
  29  2:57  Evolution Chamber  
  28  3:03  Evolution Chamber  
  28  3:05  Drone x3  
  32  3:20  Roach x3  
  32  3:23  Overlord  
  36  3:27  Overlord  
  36  3:41  Drone  
  37  3:58  Zergling x4  
  37  3:59  Zergling x14  
  46  4:06  Zerg Missile Weapons Level 1  
  46  4:09  Zerg Ground Armor Level 1  
  46  4:13  Extractor  
  45  4:17  Drone x2  
  45  4:22  Roach  
  49  4:31  Extractor  
  49  4:34  Drone x2, Extractor  
  49  4:35  Drone x3  
  52  4:49  Hatchery  
  52  4:50  Overlord x2  
  51  5:08  Drone  
  51  5:09  Drone x2  
  51  5:12  Drone x3  
  57  5:16  Lair  
  57  5:22  Drone x4  
  61  5:35  Roach x3  
  67  5:38  Ravager  
  67  5:42  Overlord x3  
  68  6:12  Queen  
  68  6:16  Glial Reconstitution  
  70  6:19  Roach  
  70  6:20  Roach x6  
  70  6:21  Roach x3  
  90  6:31  Overlord x4  
  89  6:57  Ravager x6  
  89  6:58  Ravager  
  96  7:13  Drone x12  
  96  7:14  Drone x2  
  110  7:24  Zerg Missile Weapons Level 2  
  110  7:30  Zerg Ground Armor Level 2  
  110  7:35  Queen  
  110  7:36  Hatchery  
  111  7:59  Extractor  
  111  8:00  Drone x3, Extractor  
  111  8:01  Drone  
  111  8:02  Drone x2  
  111  8:04  Drone x3  
  118  8:06  Roach  
  118  8:08  Overlord  
  118  8:09  Overlord x2  
  120  8:43  Infestation Pit  
  119  9:16  Roach x4  
  133  9:17  Roach x6  
  133  9:18  Roach x6  
  151  9:25  Overlord x4  
  151  9:26  Overlord x5  
  111  10:21  Roach x7  
  121  10:22  Roach x6  
  121  10:23  Roach x6  
  121  10:24  Roach  
Show
View Real Time Build Order
Export as new Build Order

ImotoFantasy Protoss - Winner!

Build Orders: Nexus First 

Get SALT Encoding   

  12  0:01  Probe (Chrono Boost)  
  13  0:11  Probe (Chrono Boost)  
  14  0:19  Pylon  
  14  0:22  Probe (Chrono Boost)  
  15  0:38  Probe (Chrono Boost)  
  16  0:48  Probe (Chrono Boost)  
  17  0:59  Probe (Chrono Boost)  
  17  1:03  Nexus  
  18  1:09  Probe (Chrono Boost)  
  19  1:15  Gateway  
  19  1:20  Probe (Chrono Boost)  
  19  1:24  Assimilator  
  20  1:30  Probe (Chrono Boost)  
  21  1:38  Pylon  
  21  1:41  Probe (Chrono Boost)  
  22  1:51  Probe (Chrono Boost)  
  23  2:03  Probe (Chrono Boost)  
  23  2:06  Forge  
  24  2:09  Cybernetics Core  
  24  2:14  Probe (Chrono Boost)  
  24  2:15  Zealot  
  27  2:16  Probe (Chrono Boost)  
  28  2:25  Probe (Chrono Boost)  
  28  2:26  Probe (Chrono Boost)  
  30  2:30  Protoss Ground Weapons Level 1 (Chrono Boost)  
  30  2:32  Assimilator  
  30  2:34  Probe (Chrono Boost)  
  31  2:44  Probe  
  31  2:45  Warp Gate (Chrono Boost)  
  31  2:46  Probe  
  33  2:55  Probe  
  34  2:58  Probe  
  34  3:01  Stalker  
  34  3:04  Pylon  
  37  3:07  Probe  
  37  3:11  Probe  
  39  3:25  Gateway  
  39  3:27  Gateway  
  39  3:30  Probe x2  
  41  3:35  Gateway  
  41  3:41  Pylon  
  41  3:48  Probe x2  
  43  3:59  Zealot  
  43  4:01  Mothership Core  
  43  4:02  Probe  
  48  4:04  Assimilator  
  48  4:06  Protoss Ground Armor Level 1, Assimilator  
  48  4:08  Pylon  
  48  4:14  Probe  
  49  4:21  Pylon  
  49  4:22  Probe  
  50  4:26  Probe  
  51  4:39  Zealot x2  
  51  4:40  Zealot x2, Robotics Facility  
  51  4:44  Probe  
  51  4:45  Probe  
  60  4:54  Pylon  
  60  5:00  Pylon  
  60  5:03  Pylon  
  60  5:04  Sentry x2  
  60  5:05  Stalker, Pylon  
  60  5:06  Stalker  
  68  5:10  Pylon  
  68  5:23  Twilight Council  
  68  5:27  Immortal (Chrono Boost)  
  72  5:29  Stalker x2  
  72  5:30  Stalker x2  
  80  5:46  Pylon  
  80  5:49  Pylon  
  80  5:51  Pylon  
  80  5:55  Nexus  
  80  5:59  Protoss Ground Weapons Level 2 (Chrono Boost)  
  80  6:05  Immortal (Chrono Boost)  
  84  6:14  Photon Cannon  
  84  6:21  Zealot  
  84  6:23  Probe  
  84  6:24  Probe  
  88  6:27  Charge (Chrono Boost)  
  88  6:35  Robotics Bay  
  88  6:37  Probe x2  
  90  6:47  Photon Cannon  
  90  6:49  Probe  
  90  6:50  Probe  
  90  6:51  Immortal (Chrono Boost)  
  94  7:05  Robotics Facility  
  94  7:08  Probe  
  94  7:09  Probe x2  
  97  7:18  Pylon  
  97  7:19  Probe  
  97  7:21  Probe, Extended Thermal Lance (Chrono Boost)  
  97  7:22  Probe  
  100  7:29  Observer  
  101  7:36  Probe  
  102  7:37  Probe x2  
  102  7:43  Assimilator  
  104  7:45  Assimilator  
  104  7:48  Probe, Photon Cannon  
  104  7:49  Probe  
  104  7:50  Probe, Gateway  
  107  7:53  Gateway  
  107  7:54  Photon Cannon  
  107  8:00  Colossus  
  113  8:06  Colossus  
  119  8:13  Pylon  
  119  8:19  Protoss Ground Weapons Level 3 (Chrono Boost), Pylon  
  119  8:21  Stargate  
  119  8:45  Photon Cannon  
  119  8:58  Immortal  
  119  9:00  Immortal  
  127  9:04  Stalker x6  
  139  9:18  Void Ray  
  139  9:23  Gateway  
  143  9:25  Gateway  
  143  9:26  Gateway  
  143  9:29  Gateway  
  143  9:30  Gateway  
  143  9:33  Pylon  
  143  9:39  Colossus (Chrono Boost)  
  155  9:46  Colossus (Chrono Boost)  
  147  10:01  Pylon  
  147  10:13  Zealot x4  
  147  10:14  Zealot x2  
  159  10:32  Probe  
  159  10:33  Probe  
  159  10:34  Probe  
  170  10:43  Zealot x5  
  170  10:49  Nexus  
  180  10:51  Photon Cannon  
  180  10:52  Pylon  
Tags
 
Add a new tag
Caveats
  • Supply blocks, unpowered buildings, or Contaminate may cause inaccurate times.
  • Supply counts are checked every 10 seconds.